 Dungeon Crawl Stone Soup version 0.29.0-4-gdea44cf6ec (webtiles) character file.

Game seed: 8736755724984714818

217 qw the Ruffian (level 5, -1/42 HPs)
             Began as a Ghoul Fire Elementalist on Aug 29, 2022.
             Slain by an orc priest
             ... wielding a +0 whip
              (2 damage)
             ... on level 3 of the Dungeon.
             The game lasted 00:02:48 (3786 turns).

qw the Ruffian (Ghoul Fire Elementalist)            Turns: 3786, Time: 00:02:49

Health: -1/42      AC:  6    Str: 14    XL:     5   Next: 94%
Magic:  6/6        EV:  9    Int: 10    God:
Gold:   115        SH:  0    Dex:  9    Spells: 6/7 levels left

rFire   . . .      SeeInvis .     - Unarmed
rCold   + . .      Faith    .   (no shield)
rNeg    + + +      Spirit   .   e - +0 scale mail
rPois   inf        Reflect  .   (no helmet)
rElec   .          Harm     .   (no cloak)
rCorr   .          Rampage  .   (no gloves)
Will    .....                   (no boots)
Stlth   ..........              (no amulet)
HPRegen 0.00/turn               (no ring)
MPRegen 0.10/turn               (no ring)

@: inhibited regen
A: claws 1, cold resistance 1, negative energy resistance 3, inhibited
regeneration, torment resistance 2, devour on kill
a: no special abilities


You were on level 3 of the Dungeon.
You visited 1 branch of the dungeon, and saw 3 of its levels.

You collected 135 gold pieces.
You spent 20 gold pieces at shops.


Innate Abilities, Weirdness & Mutations

You are immune to poison.
You have sharp fingernails.
Your flesh is cold resistant. (rC+)
You are immune to negative energy. (rN+++)
You do not regenerate when monsters are visible.
You are immune to unholy pain and torment.
You thrive by killing the living.


   Skills:
 - Level 2.6 Fighting
 - Level 1.7 Dodging
 - Level 2.1 Stealth
 + Level 5.2 Unarmed Combat
 - Level 1.7 Spellcasting
 - Level 0.7 Conjurations
 - Level 2.4 Fire Magic


You had 6 spell levels left.
You knew the following spells:

 Your Spells              Type           Power      Damage    Failure   Level
a - Foxfire               Conj/Fire      16%        2x1d4     58%         1

Your spell library contained the following spells:

 Spells                   Type           Power      Damage    Failure   Level
 Scorch                   Fire           10%        2d6       63%         2
 Conjure Flame            Conj/Fire      4%         6-21      92%         3
 Inner Flame              Hex/Fire       3%         N/A       95%         3
 Flame Wave               Conj/Fire      4%         2d5       100%        4

Inventory:

Armour
 e - a +0 scale mail (worn)
Scrolls
 f - 3 scrolls of identify
Potions
 a - a potion of haste {unknown}
 b - 2 potions of resistance
 c - a potion of invisibility {unknown}
 d - a potion of mutation {unknown}
 g - 2 potions of attraction {unknown}
 h - a potion of curing {unknown}
 i - a potion of heal wounds {unknown}
 j - a potion of ambrosia {unknown}
 k - a potion of berserk rage {unknown}
 l - a potion of lignification {unknown}
 m - a potion of brilliance {unknown}

Dungeon Overview and Level Annotations

Branches:
Dungeon (3/15)

Altars:

Shops:
D:1 *

Annotations:
D:3 1 runed translucent door, Crazy Yiuf


Message History

The orc priest invokes the aid of Beogh against you.
Beogh smites you! The gnoll closely misses you.
You scratch the gnoll but do no damage.
The gnoll is almost dead.
The gnoll hits you with a +0 club.
You barely miss the gnoll.
The gnoll is almost dead.
The gnoll hits you but does no damage.
You claw the gnoll!
You kill the gnoll!
The orc priest completely misses you. The orc hits you but does no damage.
The orc hits you with a +0 flail.
Items here: %%% )))).
3778 ||| Stepping ~*~*~tactically~*~*~ (outnumbered).
The orc attacks as you move away! The orc closely misses you.
The orc attacks as you move away! The orc closely misses you.
You barely miss the orc priest. The orc priest hits you with a +0 whip.
You scratch the orc priest.
The orc priest is lightly wounded.
The orc priest hits you but does no damage.
You scratch the orc priest but do no damage.
The orc priest is lightly wounded.
The orc priest closely misses you.
You closely miss the orc priest. Your claw misses the orc priest.
The orc priest is lightly wounded.
The orc priest hits you with a +0 whip.
You barely miss the orc priest.
The orc priest is lightly wounded.
The orc priest hits you with a +0 whip.
You closely miss the orc priest.
The orc priest is lightly wounded.
The orc priest hits you with a +0 whip.
You scratch the orc priest.
The orc priest is moderately wounded.
The orc priest barely misses you.
You closely miss the orc priest.
The orc priest is moderately wounded.
The orc priest hits you with a +0 whip.
You die...

#.# #........
#.# #.#####..)
#># ## #.###
### #.# #.> #
... #.# #.#.# #
##.# #.# ###.#
# ##...# #.#
#.# #
##....o####.#
#.# #
......oo@...#
######.# #
.#....o####.#
#...##.###
##.?.#
#.####.#......#
...#.#
#..............
## #.
######..###....
. #..# ##.## .
#..# #.## ..
#..# #.## #)%#
#.##


You could see an orc priest and 3 orcs.

Vanquished Creatures
  A hound (D:3)
  Natasha (thrice) (D:2)
  4 gnolls (D:3)
  An adder (D:3)
  2 worms
  5 orcs (D:3)
  A ball python (D:3)
  3 endoplasms
  5 giant cockroaches
  7 goblins
  2 hobgoblins
  4 jackals
  3 quokkas
  3 bats
  A frilled lizard (D:2)
  3 kobolds
  2 rats (D:2)
50 creatures vanquished.

Notes
Turn   | Place    | Note
-------+----------+-------------------------------------------
     0 | D:1      | qw the Ghoul Fire Elementalist began the quest for the Orb.
     0 | D:1      | Reached XP level 1. HP: 14/14 MP: 2/2
     0 | D:1      | 0 ||| qw: Version: 0.1-a-90-g952f4b7
     0 | D:1      | 0 ||| qw: Game counter: 3733
     0 | D:1      | 0 ||| qw: Always use a shield: true
     0 | D:1      | 0 ||| qw: God list: Okawaru
     0 | D:1      | 0 ||| qw: Allow faded altars: false
     0 | D:1      | 0 ||| qw: Do Orc after D:15 true
     0 | D:1      | 0 ||| qw: Do second Lair branch before Depths: true
     0 | D:1      | 0 ||| qw: Lair rune preference: random
     0 | D:1      | 0 ||| qw: Plans: Normal
     0 | D:1      | 0 ||| PLANNING D:1-11
   105 | D:1      | Reached skill level 1 in Unarmed Combat
   130 | D:1      | 130 ||| Stepping ~*~*~tactically~*~*~ (outnumbered).
   407 | D:1      | Reached skill level 1 in Fighting
   407 | D:1      | Reached XP level 2. HP: 23/23 MP: 3/3
   473 | D:1      | Found Lizoh's General Store.
   480 | D:1      | 480 ||| BUYING +0 leather armour (20 gold).
   480 | D:1      | Bought a +0 leather armour for 20 gold pieces
   480 | D:1      | 480 ||| SHOPLISTING potion of resistance (100 gold, have
                  | 28).
   480 | D:1      | 480 ||| SHOPLISTING scroll of brand weapon (95 gold, have
                  | 28).
  1174 | D:1      | 1174 ||| UPGRADING to +0 leather armour.
  1184 | D:1      | 1184 ||| DROPPING +0 robe.
  1185 | D:1      | 1185 ||| READING scroll labelled YKKIUT FEAHUE.
  1186 | D:1      | 1186 ||| READING 2 scrolls labelled ZOWKOD EGUI.
  1187 | D:1      | 1187 ||| READING 4 scrolls labelled MUWATH YHIORE.
  1188 | D:1      | 1188 ||| READING scroll labelled IRIGRI LAOXU.
  1189 | D:1      | 1189 ||| DROPPING potion of magic.
  1190 | D:1      | 1190 ||| DROPPING scroll of amnesia.
  1191 | D:1      | 1191 ||| DROPPING 3 scrolls of butterflies.
  1507 | D:2      | 1507 ||| Stepping ~*~*~tactically~*~*~ (stealth).
  1510 | D:2      | Reached skill level 2 in Unarmed Combat
  1511 | D:2      | 1511 ||| Stepping ~*~*~tactically~*~*~ (stealth).
  1514 | D:2      | 1514 ||| Stepping ~*~*~tactically~*~*~ (stealth).
  1515 | D:2      | 1515 ||| Stepping ~*~*~tactically~*~*~ (stealth).
  1516 | D:2      | 1516 ||| Stepping ~*~*~tactically~*~*~ (stealth).
  1527 | D:2      | 1527 ||| Stepping ~*~*~tactically~*~*~ (stealth).
  1576 | D:2      | Noticed Natasha
  1577 | D:2      | 1577 ||| Stepping ~*~*~tactically~*~*~ (hiding).
  1679 | D:2      | 1679 ||| Stepping ~*~*~tactically~*~*~ (hiding).
  1787 | D:2      | HP: 3/23 [Natasha (7)]
  1789 | D:2      | Killed Natasha
  1790 | D:2      | Reached skill level 3 in Unarmed Combat
  1790 | D:2      | Reached XP level 3. HP: 4/28 MP: 4/4
  1946 | D:2      | Noticed Natasha
  1947 | D:2      | 1947 ||| FLEEEEING.
  1948 | D:2      | 1948 ||| FLEEEEING.
  1955 | D:2      | 1955 ||| FLEEEEING.
  2082 | D:2      | HP: 7/28 [Natasha (6)]
  2083 | D:2      | Killed Natasha
  2084 | D:2      | Reached XP level 4. HP: 9/35 MP: 5/5
  2227 | D:2      | Noticed Natasha
  2228 | D:2      | 2228 ||| FLEEEEING.
  2233 | D:2      | 2233 ||| FLEEEEING.
  2234 | D:2      | 2234 ||| FLEEEEING.
  2235 | D:2      | 2235 ||| FLEEEEING.
  2237 | D:2      | 2237 ||| FLEEEEING.
  2239 | D:2      | 2239 ||| FLEEEEING.
  2240 | D:2      | 2240 ||| FLEEEEING.
  2241 | D:2      | 2241 ||| FLEEEEING.
  2245 | D:2      | 2245 ||| FLEEEEING.
  2246 | D:2      | 2246 ||| FLEEEEING.
  2247 | D:2      | 2247 ||| FLEEEEING.
  2248 | D:2      | 2248 ||| FLEEEEING.
  2249 | D:2      | 2249 ||| FLEEEEING.
  2251 | D:2      | 2251 ||| Stepping ~*~*~tactically~*~*~ (hiding).
  2252 | D:2      | 2252 ||| Stepping ~*~*~tactically~*~*~ (hiding).
  2253 | D:2      | 2253 ||| STAIRDANCE
  2355 | D:1      | 2355 ||| READING scroll labelled EGEUBB NUOMYCHU.
  2367 | D:2      | Killed Natasha
  2368 | D:2      | Reached skill level 4 in Unarmed Combat
  3035 | D:2      | 3035 ||| UPGRADING to +0 scale mail.
  3045 | D:2      | 3045 ||| DROPPING +0 leather armour.
  3046 | D:2      | 3046 ||| READING scroll labelled CALUS TIAGUHA.
  3145 | D:3      | Reached XP level 5. HP: 33/42 MP: 6/6
  3276 | D:3      | Found a faded altar of an unknown god.
  3340 | D:3      | Found a runed translucent door.
  3341 | D:3      | Noticed Crazy Yiuf
  3404 | D:3      | 3404 ||| Stepping ~*~*~tactically~*~*~ (stealth).
  3406 | D:3      | 3406 ||| Stepping ~*~*~tactically~*~*~ (stealth).
  3414 | D:3      | 3414 ||| Stepping ~*~*~tactically~*~*~ (stealth).
  3415 | D:3      | 3415 ||| Stepping ~*~*~tactically~*~*~ (stealth).
  3462 | D:3      | 3462 ||| Stepping ~*~*~tactically~*~*~ (stealth).
  3584 | D:3      | 3584 ||| Stepping ~*~*~tactically~*~*~ (stealth).
  3585 | D:3      | 3585 ||| Stepping ~*~*~tactically~*~*~ (stealth).
  3769 | D:3      | Reached skill level 5 in Unarmed Combat
  3778 | D:3      | 3778 ||| Stepping ~*~*~tactically~*~*~ (outnumbered).
  3779 | D:3      | HP: 9/42 [orc priest/+0 whip (2)]
  3783 | D:3      | HP: 4/42 [orc priest/+0 whip (3)]
  3784 | D:3      | HP: 1/42 [orc priest/+0 whip (3)]
  3786 | D:3      | Slain by an orc priest

Levels and vault maps discovered:
D:1:      zelgadis_glass_arrival_small, layout_basic, serial_shops, shop,
          minmay_misc_feat_doors
D:2:      layout_basic, uniq_natasha
D:3:      layout_loops_ring, ebering_ecumenical_altar_hall,
          uniq_crazy_yiuf_cottage

Skill      XL: |  1  2  3  4  5 |
---------------+----------------+-----
Unarmed Combat | 1 3 4 5 |  5.2
Fighting       | 1 2 |  2.6
Dodging        | |  1.7
Stealth        | |  2.1
Spellcasting   | |  1.7
Conjurations   | |  0.7
Fire Magic     | |  2.4

Action                   |  1- 3 |  4- 6 || total
-------------------------+-------+-------++-------
Melee: Unarmed           |   119 |   138 ||   257
       Punch             |     1 |     2 ||     3
  Use: Scroll            |     4 |     2 ||     6
Armor: Robe              |    19 |       ||    19
       Leather armour    |     6 |     4 ||    10
       Scale mail        |       |    32 ||    32
Dodge: Dodged            |    83 |    48 ||   131

Table legend:
 A = Non-vault XP
 B = Vault XP
 C = Vault XP percentage of total XP
 D = Non-vault monster count
 E = Vault monster count
 F = Vault count percentage of total count
                 A         B        C        D         E       F
            +---------+---------+-------+---------+---------+-------
      Total |     274 |      36 |  11.6 |      49 |       1 |   2.0
            +---------+---------+-------+---------+---------+-------
        D:1 |      21 |       0 |   0.0 |      11 |       0 |   0.0
        D:2 |     100 |      36 |  26.5 |      17 |       1 |   5.6
        D:3 |     153 |       0 |   0.0 |      21 |       0 |   0.0
            +---------+---------+-------+---------+---------+-------
